[Event "*** Titled Tuesday Blitz"]
[Site "Chess.com"]
[Date "2021.03.02"]
[Round "9"]
[White "elextranjero00"]
[Black "Gabrielian_Artur"]
[Result "0-1"]
[WhiteElo "2647"]
[BlackElo "2797"]
[TimeControl "180+1"]
[EndTime "11:47:20 PST"]
[Termination "Gabrielian_Artur won by resignation"]

1. Nf3 Nf6 2. c4 g6 3. Nc3 Bg7 4. e4 e5 5. Nxe5 O-O 6. Be2 Re8 7. Nf3 Nxe4 8. O-O d6 9. Nxe4 Rxe4 10. d3 Re8 11. Bg5 Bf6 12. Qd2 Nc6 13. Bxf6 Qxf6 14. h3 Bd7 15. d4 Re7 16. Rae1 Rae8 17. Bd1 Rxe1 18. Rxe1 Rxe1+ 19. Qxe1 Nxd4 20. b3 Kg7 21. Qe3 Nxf3+ 22. Bxf3 b6 23. Qd2 Qa1+ 24. Kh2 Qe5+ 25. g3 a5 26. h4 h6 27. Kg2 a4 28. bxa4 Bxa4 29. Bd5 Bd7 30. Qd1 c6 31. Bf3 Be6 32.
Bxc6 Bxc4 33. a3 d5 34. Qb1 Qd4 35. Qe1 Qf6 36. Bd7 d4 37. Qe4 Qd6 38. Bc6 Be6 39. Kh2 d3 40. Ba4 d2 41. Bd1 h5 42. Kg1 Bg4 0-1

[Event "*** Titled Tuesday Blitz"]
[Site "Chess.com"]
[Date "2021.03.02"]
[Round "9"]
[White "Volodar_Murzin"]
[Black "karinachess1"]
[Result "1-0"]
[WhiteElo "2688"]
[BlackElo "2514"]
[TimeControl "180+1"]
[EndTime "11:47:20 PST"]
[Termination "Volodar_Murzin won by resignation"]

1. e4 c5 2. Nf3 e6 3. g3 d6 4. Bg2 Nf6 5. Qe2 Nc6 6. O-O Be7 7. c3 e5 8. Na3 O-O 9. d3 h6 10. Nc4 Re8 11. Nh4 d5 12. Ne3 d4 13. Nd5 Bf8 14.
c4 Nxd5 15. cxd5 Nb8 16. f4 exf4 17. Qf2 g5 18. Nf5 Bxf5 19. exf5 fxg3 20. Qxg3 f6 21. Bf4 Kh7 22. Rae1 Na6 23. Bd2 Qd7 24. Re6 Bg7 25. d6 Rxe6 26. fxe6 Qxe6 27. Bxb7 Rb8 28. Bxa6 Rxb2 29.
Bc4 Qe2 30. Qe1 Rxd2 31. Qxe2 Rxe2 32. d7 f5 33. d8=Q 1-0

[Event "*** Titled Tuesday Blitz"]
[Site "Chess.com"]
[Date "2021.03.02"]
[Round "9"]
[White "HrvojeZagreb"]
[Black "Vamostodorecto"]
[Result "1/2-1/2"]
[WhiteElo "2261"]
[BlackElo "2401"]
[TimeControl "180+1"]
[EndTime "11:47:20 PST"]
[Termination "Game drawn by repetition"]

1. d4 Nf6 2. Bf4 d6 3. Nc3 g6 4. e4 Bg7 5. Qd2 O-O 6. O-O-O Nbd7 7. Bh6 c5 8. Bxg7 Kxg7 9. e5 dxe5 10. dxe5 Ne8 11.
Bb5 Qc7 12. Bxd7 Qxe5 13. Nf3 Qc7 14. Bxe8 Rxe8 15. Nd5 Qc6 16. h4 h5 17. Ne5 Qa4 18. Qc3 f6 19. Nd3 Bf5 20. Nc7 Qxa2 21. Nxe8+ Rxe8 22. b3 c4 23. bxc4 Rc8 24. c5 b6 25. c6 Qa4 26. Qb4 Qxc6 27. Qxe7+ Kh6 28. Qe3+ Kg7 29. Rd2 Qa4 30. Kd1 Qa1+ 31. Nc1 Qa4 32. Qe7+ Kh6 33. Qe3+ Kg7 34. Nd3 Qa1+ 35. Nc1 Qa4 1/2-1/2

[Event "*** Titled Tuesday Blitz"]
[Site "Chess.com"]
[Date "2021.03.02"]
[Round "9"]
[White "Iskusnyh"]
[Black "stasiek18"]
[Result "1-0"]
[WhiteElo "2610"]
[BlackElo "2427"]
[TimeControl "180+1"]
[EndTime "11:47:21 PST"]
[Termination "Iskusnyh won on time"]

1. d4 Nf6 2. c4 g6 3. g3 Bg7 4. Bg2 d5 5. cxd5 Nxd5 6. Nf3 O-O 7. O-O Nc6 8. e4 Nb6 9. d5 Na5 10. Qe1 Nac4 11. Nc3 c6 12. b3 Nd6 13. dxc6 bxc6 14.
e5 Nf5 15. Qe4 Nd5 16. Bb2 Qa5 17. Rfc1 Ba6 18. Na4 Bb5 19. Nc5 Qb4 20. Qxb4 Nxb4 21. g4 Nh6 22. h3 Rfd8 23. a3 Nd3 24. Nxd3 Rxd3 25. Bc3 Rad8 26. a4 Ba6 27. Ba5 Rc8 28. Rc3 Rxc3 29. Bxc3 Rb8 30. Rb1 Bc4 31. b4 f6 32.
exf6 exf6 33. Nd4 Bd5 34. Nxc6 Bxc6 35. Bxc6 Nf7 36. b5 Bf8 37. Rd1 Kg7 38. Rd7 Rd8 39.
Rxa7 Rd1+ 40. Kg2 Bd6 41. g5 1-0

[Event "*** Titled Tuesday Blitz"]
[Site "Chess.com"]
[Date "2021.03.02"]
[Round "9"]
[White "SergeyShtyka"]
[Black "ruvat"]
[Result "0-1"]
[WhiteElo "2453"]
[BlackElo "2353"]
[TimeControl "180+1"]
[EndTime "11:47:21 PST"]
[Termination "ruvat won on time"]

1. e4 d6 2. Nf3 Nf6 3. Nc3 g6 4. Bc4 Bg7 5. O-O O-O 6. a3 c6 7.
d3 b5 8. Ba2 a5 9. Be3 Ba6 10.
h3 b4 11. axb4 axb4 12. Ne2 c5 13. Bb3 Nc6 14. Qd2 Nd7 15. c3 bxc3 16. bxc3 c4 17.
Bxc4 Bxc4 18. Rxa8 Qxa8 19. dxc4 Qa6 20. c5 Nxc5 21.
Bxc5 dxc5 22. Rd1 Rd8 23. Qe1 Rxd1 24. Qxd1 Qc4 25. Qd5 Qxd5 26. exd5 Na5 27. Nd2 Be5 28. Ne4 Bd6 29. f4 Nc4 30. Kf2 Nb6 31. c4 Nxc4 32.
Nxd6 exd6 33. Nc3 Kf8 34. g4 f5 35. gxf5 gxf5 36. Kg3 Kf7 37. Kh4 Kg6 38. Nb5 Ne3 39.
Nxd6 Nxd5 40. Kg3 Nb6 41. Nb5 c4 42. Nc3 Kh5 0-1

[Event "*** Titled Tuesday Blitz"]
[Site "Chess.com"]
[Date "2021.03.02"]
[Round "9"]
[White "Kostukov_Alex"]
[Black "bogcsab"]
[Result "1-0"]
[WhiteElo "2322"]
[BlackElo "2168"]
[TimeControl "180+1"]
[EndTime "11:47:21 PST"]
[Termination "Kostukov_Alex won on time"]

1. g3 d6 2. Bg2 e5 3. d4 Nd7 4.
Nf3 e4 5. Ng5 d5 6. c4 h6 7. Nh3 c6 8. cxd5 cxd5 9. O-O f5 10. Nf4 Ndf6 11. Ng6 Rh7 12. Nc3 Ne7 13. Ne5 Nc6 14. Bf4 g5 15. Nxc6 bxc6 16. Be5 Bd6 17. e3 Bxe5 18. dxe5 Nd7 19. Qh5+ Kf8 20. Qg6 Rg7 21.
Qxc6 Rb8 22. Qd6+ Qe7 23. Nxd5 Qxd6 24. exd6 Rg6 25. Ne7 Rf6 26. Rfc1 Ba6 27. Rc7 Rxd6 28. Nxf5 Rd2 29. b3 Rb7 30. Rc8+ Kf7 31. Nxh6+ Kg6 32.
Ng4 Bd3 33. Rd8 Nc5 34. Rd5 Rb5 35. b4 Rxb4 36. Rxc5 Rbb2 37. Rc6+ Kh5 38. h3 Rb6 39. Rxb6 axb6 40. Rc1 Rxa2 41. Rc6 Ra1+ 42. Kh2 1-0

[Event "*** Titled Tuesday Blitz"]
[Site "Chess.com"]
[Date "2021.03.02"]
[Round "9"]
[White "FMalexhdez"]
[Black "Ladislav1969"]
[Result "1-0"]
[WhiteElo "2181"]
[BlackElo "2299"]
[TimeControl "180+1"]
[EndTime "11:47:21 PST"]
[Termination "FMalexhdez won on time"]

1. e4 c5 2. Nf3 e6 3. d4 cxd4 4.
Nxd4 a6 5. c4 Nf6 6. Nc3 Bb4 7.
Bd3 Nc6 8. Nc2 Be7 9. Ne3 d6 10. O-O b6 11. b3 Bb7 12. Bb2 O-O 13. f4 Nb4 14. Bb1 d5 15. a3 d4 16. axb4 dxe3 17.
b5 axb5 18. cxb5 Bc5 19. Qe2 Qd2 20. Re1 Rxa1 21. Bxa1 Rd8 22. h3 Qxe2 23. Rxe2 Rd2 24. Kf1 Bd4 25. Rxd2 exd2 26. Ke2 Bxc3 27. Bxc3 Bxe4 28.
Bxe4 Nxe4 29. Bd4 Kf8 30. Bxb6 Ke7 31. Be3 Nc3+ 32. Kxd2 Nxb5 33. Kd3 Kd6 34. Kc4 Na3+ 35. Kc3 Nb5+ 36. Kd3 1-0

[Event "*** Titled Tuesday Blitz"]
[Site "Chess.com"]
[Date "2021.03.02"]
[Round "9"]
[White "fearless_guy"]
[Black "rpragchess"]
[Result "1-0"]
[WhiteElo "2846"]
[BlackElo "2872"]
[TimeControl "180+1"]
[EndTime "11:47:22 PST"]
[Termination "fearless_guy won on time"]

1. e4 c5 2. Nc3 Nc6 3. Nf3 e5 4. Bc4 Be7 5. d3 d6 6. h4 h6 7. Nd5 Nf6 8. c3 O-O 9. h5 Bg4 10. Ne3 Be6 11. Bd5 Qd7 12. Nh4 Bd8 13. Nhf5 Ne7 14. Nxe7+ Bxe7 15. Bxe6 fxe6 16. Ng4 Kh8 17. a4 Rf7 18. Be3 Raf8 19. Nxf6 Bxf6 20. Qg4 b5 21. axb5 Qxb5 22. O-O d5 23. Qxe6 d4 24. cxd4 cxd4 25. Bd2 Qxb2 26. Ra2 Qb5 27. Rfa1 Bh4 28. f3 Qxd3 29. Bb4 Qe3+ 30. Kh1 Qg5 31. Qg6 1-0

[Event "*** Titled Tuesday Blitz"]
[Site "Chess.com"]
[Date "2021.03.02"]
[Round "9"]
[White "MirMan90"]
[Black "Mr_Sinigami"]
[Result "1-0"]
[WhiteElo "2751"]
[BlackElo "2627"]
[TimeControl "180+1"]
[EndTime "11:47:22 PST"]
[Termination "MirMan90 won on time"]

1. d4 Nf6 2. c4 g6 3. Nc3 Bg7 4. e4 d6 5. Nf3 O-O 6. h3 e5 7. d5 Na6 8. Bg5 h6 9. Be3 Nc5 10. Nd2 a5 11. g4 h5 12. Be2 hxg4 13.
hxg4 Nh7 14. Qc2 Bf6 15. Nf1 Bg5 16. O-O-O Bxe3+ 17. Nxe3 Qg5 18. Rh2 Nf6 19. Rdh1 Re8 20.
Kb1 Bd7 21. Ka1 Kg7 22. Qd2 Qf4 23. g5 Nfxe4 24. Rh7+ Kf8 25. Nxe4 Nxe4 26. Qc1 Nxg5 27. R7h4 Qf6 28. Bg4 Ke7 29. c5 Rac8 30. c6 bxc6 31.
Bxd7 Kxd7 32. dxc6+ Kd8 33. Nd5 Qf5 34. Rh8 Ne6 35. Rxe8+ Kxe8 36. Rh8+ Nf8 37. Qh6 1-0

[Event "*** Titled Tuesday Blitz"]
[Site "Chess.com"]
[Date "2021.03.02"]
[Round "9"]
[White "Nikolaj_6"]
[Black "catzapto"]
[Result "1-0"]
[WhiteElo "2661"]
[BlackElo "2089"]
[TimeControl "180+1"]
[EndTime "11:47:22 PST"]
[Termination "Nikolaj_6 won on time"]

1. e4 c5 2. Nf3 e6 3. c3 d5 4. e5 d4 5. cxd4 cxd4 6. Bd3 Nc6 7. O-O Nge7 8. Re1 Ng6 9. Bxg6 hxg6 10. d3 b6 11. Bg5 Qd5 12. Nbd2 Bb7 13. a3 Be7 14. Bxe7 Kxe7 15. Nc4 Rad8 16. b4 Nb8 17. Qd2 Nd7 18. Qg5+ f6 19. Qxg6 Kf8 20. Nd6 Nxe5 21. Nxe5 Qxg2+ 22. Qxg2 Bxg2 23. Ng6+ Kg8 24. Kxg2 Rxd6 25. Nxh8 Kxh8 26.
Rac1 e5 27. f4 a5 28. fxe5 fxe5 29. Rxe5 Rg6+ 30. Kf3 axb4 31. axb4 Kg8 32. Re4 b5 33. Rxd4 Rf6+ 34. Rf4 Rd6 35. d4 g5 36. Re4 g4+ 37. Rxg4+ Kf7 38. Rc5 Ra6 39. Rxb5 Ra1 40. Rf4+ Ke7 41. h4 Kd6 42. Rf6+ Ke7 43. Rbf5 Ke8 44. Ke4 Ke7 45. h5 Re1+ 46. Kd5 Rh1 47. Rh6 Rd1 48. b5 1-0

[Event "*** Titled Tuesday Blitz"]
[Site "Chess.com"]
[Date "2021.03.02"]
[Round "9"]
[White "shaheus"]
[Black "ApoIogiA"]
[Result "1-0"]
[WhiteElo "2408"]
[BlackElo "2189"]
[TimeControl "180+1"]
[EndTime "11:47:22 PST"]
[Termination "shaheus won by resignation"]

1. e4 c5 2. Nf3 d6 3. c3 Nf6 4. Qb3 Nc6 5. d4 cxd4 6. cxd4 Qb6 7. Nc3 Nxd4 8. Nxd4 Qxd4 9. Be3 Qe5 10. Nb5 Be6 11. Nc7+ Kd8 12. Qxb7 Rc8 13. Nxe6+ Qxe6 14. Ba6 Nxe4 15.
Qxc8+ Qxc8 16. Bxc8 Kxc8 17. Bxa7 e5 18. Ke2 d5 19.
Rhc1+ Kb7 20. Be3 d4 21. Bd2 f6 22. f3 Ng5 23. Bxg5 fxg5 24. Kd3 Bd6 25. Rc4 Rf8 26. h3 h5 27. Rac1 g4 28. hxg4 hxg4 29.
Rf1 g5 30. Ke4 Rf4+ 31. Kd5 Bb8 32. Rb4+ Ka8 33. Rc1 d3 34. Rxf4 gxf4 35. Rd1 gxf3 36. gxf3 d2 37. Rxd2 e4 1-0

[Event "*** Titled Tuesday Blitz"]
[Site "Chess.com"]
[Date "2021.03.02"]
[Round "9"]
[White "agartha01"]
[Black "Margency"]
[Result "0-1"]
[WhiteElo "2534"]
[BlackElo "2707"]
[TimeControl "180+1"]
[EndTime "11:47:23 PST"]
[Termination "Margency won by checkmate"]

1. d4 Nf6 2. Bf4 g6 3. e3 Bg7 4.
Nf3 O-O 5. Nbd2 d6 6. h3 c5 7. c3 Nc6 8. Bh2 cxd4 9. exd4 e5 10. dxe5 dxe5 11. Nc4 e4 12. Qxd8 Rxd8 13. Nfe5 Nxe5 14. Bxe5 Be6 15. Ne3 Nh5 16. Bxg7 Kxg7 17. g3 f5 18. Be2 Nf6 19. b3 g5 20. Rg1 Rac8 21.
c4 Nd7 22. O-O-O Ne5 23. Kc2 Kf6 24. Kc3 f4 25. Rxd8 Rxd8 26. gxf4 gxf4 27. Ng4+ Bxg4 28. Bxg4 Rd3+ 29. Kb4 Rd2 30. Re1 Nxg4 31. hxg4 Ke5 32. f3 e3 33. Kc3 Rf2 34. Rh1 Rxf3 35. Kd3 Rf2 36. Rxh7 Rd2+ 37. Kc3 Rxa2 38. Rxb7 f3 39. Re7+ Kf4 40. c5 Ra6 41. b4 f2 42. Kd3 Ra3+ 43.
Ke2 Ra2+ 44. Kf1 Kf3 45. Rf7+ Kg3 46. c6 e2# 0-1

[Event "*** Titled Tuesday Blitz"]
[Site "Chess.com"]
[Date "2021.03.02"]
[Round "9"]
[White "Arvids_Andrejevs"]
[Black "rychessmaster1"]
[Result "1-0"]
[WhiteElo "2389"]
[BlackElo "2570"]
[TimeControl "180+1"]
[EndTime "11:47:23 PST"]
[Termination "Arvids_Andrejevs won by checkmate"]

1. e4 c6 2. d4 d5 3. exd5 cxd5 4. c4 Nf6 5. Nc3 Nc6 6. Nf3 Bg4 7. cxd5 Nxd5 8.
Bc4 e6 9. Be3 Be7 10. O-O O-O 11. h3 Bh5 12. Be2 Rc8 13. Qb3 Ncb4 14. Rac1 Qb6 15. Na4 Qa5 16. a3 Nc6 17. Nc5 Bxc5 18. Rxc5 Qb6 19. Rb5 Qa6 20. Rxd5 Bxf3 21. Bxa6 Bxd5 22.
Qxb7 Rb8 23. Qc7 Rxb2 24. Rc1 Nb8 25. Qxa7 h6 26. Rc8 Rxc8 27. Bxc8 Nc6 28. Qd7 Rb8 29.
Bf4 Rb1+ 30. Kh2 Nxd4 31. Qe8+ Kh7 32. Qxf7 Re1 33. Be3 Nc6 34. Bxe6 Bxe6 35. Qxe6 Nd8 36. Qf5+ Kg8 37. Qd5+ Nf7 38. a4 Ra1 39. a5 g5 40. Qa8+ Kg7 41. Bd4+ Ne5 42. Bxe5+ Kg6 43. Bxa1 Kh5 44. Qe8+ Kh4 45. g3# 1-0

[Event "*** Titled Tuesday Blitz"]
[Site "Chess.com"]
[Date "2021.03.02"]
[Round "9"]
[White "szachuspl"]
[Black "KetiGrant"]
[Result "1-0"]
[WhiteElo "2479"]
[BlackElo "2349"]
[TimeControl "180+1"]
[EndTime "11:47:23 PST"]
[Termination "szachuspl won on time"]

1. d4 Nf6 2. c4 g6 3. Nc3 Bg7 4. e4 d6 5. Nf3 O-O 6. Be2 e5 7. Be3 Ng4 8. Bg5 f6 9. Bh4 g5 10. Bg3 Nh6 11. d5 f5 12. exf5 Bxf5 13. Nd2 Nd7 14.
Nde4 Bg6 15. Qd2 Nf5 16. Qxg5 Nd4 17. Qxd8 Raxd8 18. Bd3 Nf6 19. O-O Nh5 20. Rad1 Nf4 21. Rfe1 Nxd3 22. Rxd3 a6 23. f3 b5 24. cxb5 axb5 25.
Bf2 b4 26. Bxd4 exd4 27. Nb5 Ra8 28. a3 bxa3 29. bxa3 Ra5 30. Nxc7 Rc8 31. Ne6 Rxd5 32. Nxg7 Kxg7 33. Red1 Ra5 34. Rxd4 Rxa3 35. Nxd6 Rc2 36. R4d2 Raa2 37. Rxc2 Rxc2 38. Nb5 Kf6 39. Nd4 Ra2 40. Re1 Rd2 41. Ne2 Bd3 42. Ng3 Ra2 43. h4 1-0

[Event "*** Titled Tuesday Blitz"]
[Site "Chess.com"]
[Date "2021.03.02"]
[Round "9"]
[White "Treacherous_horse64"]
[Black "Matols"]
[Result "0-1"]
[WhiteElo "2544"]
[BlackElo "2280"]
[TimeControl "180+1"]
[EndTime "11:47:23 PST"]
[Termination "Matols won on time"]

1. d4 Nf6 2. Nf3 e6 3. c4 b6 4. g3 Ba6 5. b3 Bb4+ 6. Nbd2 d5 7. Bg2 O-O 8. Qc2 Bb7 9. O-O Nbd7 10. Bb2 Bd6 11.
Ne5 Rc8 12. cxd5 exd5 13. Nc6 Qe8 14. Nxa7 Ra8 15. Nb5 Qxe2 16. Nxd6 cxd6 17. Rfe1 Qg4 18. Qc7 Ba6 19. Qxd6 Rac8 20. Nf3 Rc2 21. Ba3 Rfc8 22. Ne5 Qxd4 23. Kh1 Qxf2 24. Rg1 Nxe5 25. Qxe5 Ng4 26. Qh5 Qe2 27. Raf1 Nf2+ 28. Rxf2 Qxh5 29. Rf4 Bb7 30. Bd6 d4 31. h4 Bxg2+ 32. Rxg2 Qd5 33. Rf2 Rxf2 0-1

[Event "*** Titled Tuesday Blitz"]
[Site "Chess.com"]
[Date "2021.03.02"]
[Round "9"]
[White "CzechmVIII"]
[Black "Jan1401"]
[Result "1-0"]
[WhiteElo "2259"]
[BlackElo "2354"]
[TimeControl "180+1"]
[EndTime "11:47:23 PST"]
[Termination "CzechmVIII won by resignation"]

1. e4 e6 2. d4 d5 3. Nc3 Bb4 4. Ne2 Nc6 5. a3 Ba5 6. Be3 Nge7 7. Qd3 O-O 8. O-O-O dxe4 9. Nxe4 Nf5 10. g4 Nxe3 11. fxe3 e5 12. Rg1 exd4 13. exd4 Bb6 14. g5 Kh8 15. h4 Bf5 16. N2g3 Bxe4 17. Qxe4 Qe8 18. c3 f5 19. gxf6 Rxf6 20. Bd3 Qxe4 21. Nxe4 Rf4 22. Ng5 h6 23. Ne6 Rf7 24. Bg6 Re7 25. Nf4 Rf8 26. Rdf1 Nxd4 27. Bd3 Nb3+ 28. Kc2 Bxg1 29. Ng6+ Kg8 30.
Rxf8+ Kh7 31. Nxe7+ g6 32. Rf7+ Kh8 33. Kxb3 Bc5 34.
Bxg6 Bxe7 35. Rxe7 c6 36. Rh7+ Kg8 37. Rxb7 a5 38. Rc7 a4+ 39. Kxa4 Kf8 40. Kb4 Kg8 41.
Kc5 h5 42. Kxc6 Kf8 43. a4 Kg8 44. a5 Kf8 45. a6 1-0

[Event "*** Titled Tuesday Blitz"]
[Site "Chess.com"]
[Date "2021.03.02"]
[Round "9"]
[White "pfalcon1949"]
[Black "VladaSviridova"]
[Result "0-1"]
[WhiteElo "2029"]
[BlackElo "2226"]
[TimeControl "180+1"]
[EndTime "11:47:23 PST"]
[Termination "VladaSviridova won by checkmate"]

1. c4 c6 2. e4 d5 3. cxd5 cxd5 4.
exd5 Nf6 5. Nc3 Nxd5 6. Bc4 Nb6 7. Bb3 Bf5 8. d4 e6 9. Nf3 Be7 10. O-O O-O 11. Re1 Bf6 12. Bf4 Nc6 13. Nb5 Qd7 14. Bd6 Rfc8 15. Bc5 Nd5 16. Nc3 Nxc3 17. bxc3 b6 18.
Ba3 Na5 19. Rc1 Nc4 20. Bxc4 Rxc4 21. Qe2 Rac8 22. Ne5 Bxe5 23. dxe5 Rxc3 24. Rxc3 Rxc3 25. Bd6 h6 26. h3 Qc6 27. Kh2 Rc2 28. Qe3 Rxa2 29.
Rc1 Rc2 30. Rd1 Be4 31. Be7 Bxg2 32. Rd2 Rxd2 33. Qxd2 Bd5 34. Qd3 Qc1 35. f3 Qb2+ 36.
Kg3 Qxe5+ 37. Kf2 Qb2+ 38. Kg3 Qc1 39. Qe2 Qg1+ 40. Kf4 g5+ 41. Ke5 Qa1+ 42. Kd6 Qa3+ 43. Kd7 Bc6+ 44. Kd8 Qb3 45. Bf6 Qd5+ 46. Kc8 Qd7+ 47.
Kb8 Qb7# 0-1

[Event "*** Titled Tuesday Blitz"]
[Site "Chess.com"]
[Date "2021.03.02"]
[Round "9"]
[White "kleopl"]
[Black "MateusViageiro"]
[Result "1-0"]
[WhiteElo "2487"]
[BlackElo "2358"]
[TimeControl "180+1"]
[EndTime "11:47:24 PST"]
[Termination "kleopl won on time"]

1. c4 Nf6 2. Nc3 g6 3. e4 d6 4. d4 Bg7 5. Nge2 O-O 6. Ng3 Nc6 7. d5 Ne5 8. f4 Ned7 9. Be2 c6 10. O-O cxd5 11.
cxd5 a6 12. Be3 b5 13. Rc1 Bb7 14. Kh1 Rc8 15. Bf3 Qa5 16. a3 h5 17. Nge2 b4 18.
axb4 Qxb4 19. Qd2 Ng4 20. Bxg4 hxg4 21. Bd4 Nc5 22. Bxg7 Kxg7 23. Qd4+ Qxd4 24. Nxd4 Nd3 25. Rb1 Rc4 26. Nde2 e6 27. Kg1 exd5 28. exd5 Re8 29. Rfd1 Nxf4 30. Nxf4 Rxf4 31. Rd2 Bc8 32. Ra1 Rb4 33.
Kf2 f5 34. Re1 Rxe1 35. Kxe1 Kf6 36. Kf2 a5 37. Re2 Bd7 38. Rd2 a4 39. g3 Rb3 40.
Ne2 Rf3+ 41. Kg2 a3 42. bxa3 Rxa3 43. Nf4 g5 44. Ne2 Ra5 45. Nc3 1-0

[Event "*** Titled Tuesday Blitz"]
[Site "Chess.com"]
[Date "2021.03.02"]
[Round "9"]
[White "Andrakhanova"]
[Black "redblizzard"]
[Result "1-0"]
[WhiteElo "2296"]
[BlackElo "2436"]
[TimeControl "180+1"]
[EndTime "11:47:25 PST"]
[Termination "Andrakhanova won by resignation"]

1. c4 Nf6 2. Nc3 d5 3. cxd5 Nxd5 4. g3 g6 5. Bg2 Nb6 6. Nf3 Nc6 7. b3 Bg7 8. Bb2 O-O 9. O-O e5 10. d3 Re8 11. Rc1 Nd4 12. Ne4 c6 13. Qd2 Bg4 14. Nxd4 exd4 15. h3 Bc8 16. Kh2 h6 17. b4 a6 18. a3 Nd5 19. Rc4 f5 20. Nc5 f4 21.
Bxd4 fxg3+ 22. fxg3 Bxd4 23. Rxd4 Qe7 24. e4 Qg7 25. exd5 Qxd4 26. Qxh6 Qg7 27. Qxg7+ Kxg7 28. dxc6 b6 29. Ne4 Bf5 30. g4 Bxe4 31. Bxe4 Rf8 32.
Rc1 Rac8 33. Kg3 Rc7 34. Rc4 Rf6 35. h4 Rd6 36. a4 Kf6 37. b5 axb5 38. axb5 Ke5 39. Ra4 Rd4 40. Ra6 Kd6 41. Rxb6 Kc5 42. Rb7 Kd6 43. Rb8 Re7 44. Rd8+ Kc5 45. Rxd4 Kxd4 46.
b6 Kc5 47. c7 Re8 48. b7 1-0

[Event "*** Titled Tuesday Blitz"]
[Site "Chess.com"]
[Date "2021.03.02"]
[Round "9"]
[White "tomsishere"]
[Black "Chowman64"]
[Result "0-1"]
[WhiteElo "2505"]
[BlackElo "2678"]
[TimeControl "180+1"]
[EndTime "11:47:26 PST"]
[Termination "Chowman64 won on time"]

1. Nf3 Nf6 2. g3 b5 3. Bg2 Bb7 4. O-O e6 5. d4 Be7 6. b3 O-O 7. Bb2 d6 8. Nbd2 Nbd7 9. c4 a6 10. Qc2 c5 11. Rfd1 Qc7 12. Rac1 Rac8 13. Qd3 b4 14. d5 exd5 15. cxd5 Bxd5 16. e4 Bc6 17.
Nh4 Ne5 18. Qe2 Bb5 19. Qe3 Nd3 20. Rc2 Nxb2 21. Rxb2 Rfe8 22. Nf5 Bf8 23. Qg5 Kh8 24. Nc4 Bxc4 25. bxc4 Nxe4 26. Bxe4 Rxe4 27. Rbd2 Re6 28.
h4 g6 29. Ne3 Bg7 30. Nd5 Qd8 31. Nf4 Qxg5 32. hxg5 Bd4 33. Nxe6 fxe6 34. Kg2 Kg7 35. f4 a5 36. Kf3 a4 0-1

[Event "*** Titled Tuesday Blitz"]
[Site "Chess.com"]
[Date "2021.03.02"]
[Round "9"]
[White "pavelalexandru07"]
[Black "delphin11"]
[Result "0-1"]
[WhiteElo "2294"]
[BlackElo "2592"]
[TimeControl "180+1"]
[EndTime "11:47:26 PST"]
[Termination "delphin11 won by resignation"]

1. e4 e5 2. Nf3 d6 3. c3 Nf6 4. Bd3 g6 5. O-O Bg7 6. Re1 O-O 7. Bc2 Nc6 8. h3 d5 9. exd5 Nxd5 10. d3 h6 11. Nbd2 b6 12. Nc4 f6 13. Bb3 Be6 14.
d4 b5 15. Ne3 Na5 16. Bxd5 Bxd5 17. dxe5 Bb7 18. exf6 Qxf6 19. Ng4 Qb6 20. Be3 c5 21. b4 Bxf3 22. gxf3 Nc4 23. Bxc5 Qc6 24. Bxf8 Rxf8 25. Qe2 h5 26. Ne3 Ne5 27. Red1 Nxf3+ 28. Kf1 Nh2+ 29. Kg1 Nf3+ 30. Kf1 Qe6 31. Ng2 Qxh3 32. Qxb5 Qh1+ 33. Ke2 Qxg2 34. Qd5+ Kh7 35. Rd3 Rf5 36. Qe4 Re5 37. Rxf3 Rxe4+ 0-1

[Event "*** Titled Tuesday Blitz"]
[Site "Chess.com"]
[Date "2021.03.02"]
[Round "9"]
[White "guillembaches"]
[Black "andy_rekt"]
[Result "0-1"]
[WhiteElo "2438"]
[BlackElo "2286"]
[TimeControl "180+1"]
[EndTime "11:47:26 PST"]
[Termination "andy_rekt won on time"]

1. e4 e6 2. Qe2 c5 3. Nf3 Nc6 4. g3 e5 5. Bg2 g6 6. O-O Bg7 7. c3 Nge7 8. Na3 O-O 9. d3 d5 10. exd5 Nxd5 11. Nc4 Re8 12. Bd2 h6 13. Rad1 b5 14. Ne3 Nde7 15. h4 Qc7 16. c4 bxc4 17.
dxc4 Be6 18. h5 g5 19. Bc3 Nd4 20. Bxd4 exd4 21. Nc2 Rab8 22. b3 Bf5 23. Qd2 Bg4 24.
Na3 a6 25. Rfe1 Bxh5 26. Re4 Bg6 27. Re2 Nf5 28. Rde1 Rxe2 29. Rxe2 d3 30. Re1 Rd8 31.
Nh2 Bd4 32. Kh1 Qxg3 33. Qa5 Rf8 34. Rf1 Bxf2 35. Qxa6 Bd4 36. Bd5 Kg7 37. Qb7 Qh3 38.
Rf3 Ng3+ 39. Rxg3 Qxg3 0-1

[Event "*** Titled Tuesday Blitz"]
[Site "Chess.com"]
[Date "2021.03.02"]
[Round "9"]
[White "lacafi"]
[Black "BvsN"]
[Result "0-1"]
[WhiteElo "2161"]
[BlackElo "2286"]
[TimeControl "180+1"]
[EndTime "11:47:26 PST"]
[Termination "BvsN won by checkmate"]

1. d4 d5 2. Nf3 Nf6 3. e3 Bf5 4. Nbd2 e6 5. b3 Bb4 6. Bb2 Ne4 7. Be2 Nc3 8. Bxc3 Bxc3 9. Rb1 O-O 10. O-O Nd7 11. b4 h6 12. Rb3 Bxd2 13. Nxd2 Nf6 14. c4 c6 15. b5 dxc4 16. Bxc4 cxb5 17. Rxb5 b6 18. Qb3 Rc8 19. h3 Bg6 20. f4 Qd6 21.
g4 Ne4 22. Nf3 Bh7 23. Rd1 Rc7 24. Bd3 Nc3 25. Bxh7+ Kxh7 26. Ne5 Nxd1 27. Qxd1 Rfc8 28. Qd3+ g6 29. Kg2 Kg7 30. f5 exf5 31. gxf5 g5 32.
Ng4 f6 33. e4 Rc2+ 34. Nf2 a6 35. Rd5 Rxf2+ 36. Kxf2 Qh2+ 37. Kf3 Qxh3+ 38. Ke2 Qg2+ 39.
Ke3 Rc2 40. Rd7+ Kf8 41. Qa3+ Kg8 42. Qe7 Qf2+ 43. Kd3 Qd2# 0-1

[Event "*** Titled Tuesday Blitz"]
[Site "Chess.com"]
[Date "2021.03.02"]
[Round "9"]
[White "Ajedrez_con_German"]
[Black "Karla"]
[Result "1-0"]
[WhiteElo "2576"]
[BlackElo "2345"]
[TimeControl "180+1"]
[EndTime "11:47:27 PST"]
[Termination "Ajedrez_con_German won on time"]

1. b3 d5 2. Bb2 Bg4 3. Nf3 Nd7 4. e3 Ngf6 5. Be2 e6 6. O-O Bd6 7. d4 O-O 8. Ne5 Bf5 9. Bd3 Bxd3 10. Qxd3 Bxe5 11. dxe5 Ne4 12. Nd2 Nxd2 13. Qxd2 c5 14. c4 dxc4 15. bxc4 Qc7 16. f4 Rfd8 17. Qf2 Nf8 18.
Rad1 Rxd1 19. Rxd1 Rd8 20. Qe2 Rxd1+ 21. Qxd1 Qa5 22. a3 b5 23. cxb5 Qxb5 24. Qc2 Ng6 25. h3 h5 26. Kh2 Kh7 27. Bc3 c4 28. f5 exf5 29. Qxf5 Kg8 30. Qxh5 Qb3 31. Bd4 Qxa3 32. Qf5 Qe7 33. Qc8+ Kh7 34. Qxc4 Nxe5 35. Qc2+ Ng6 36. Qc3 Nh4 37. Qd3+ Kh8 38. Qe2 Kg8 39. Qg4 1-0

[Event "*** Titled Tuesday Blitz"]
[Site "Chess.com"]
[Date "2021.03.02"]
[Round "9"]
[White "horripile"]
[Black "Brave_spirit12"]
[Result "0-1"]
[WhiteElo "2697"]
[BlackElo "2555"]
[TimeControl "180+1"]
[EndTime "11:47:28 PST"]
[Termination "Brave_spirit12 won by resignation"]

1. e4 e6 2. d4 d5 3. Nd2 c5 4. Ngf3 Nc6 5. exd5 exd5 6. Bb5 Bd6 7. O-O Ne7 8. dxc5 Bxc5 9. Nb3 Bd6 10. Nbd4 O-O 11. h3 Qc7 12. c3 Ne5 13. Nxe5 Bxe5 14. Re1 a6 15. Ba4 Bd6 16. Qf3 Bd7 17. Bc2 Rae8 18.
Bg5 Ng6 19. Qxd5 Bh2+ 20. Kh1 Bc6 21. Nxc6 bxc6 22. Qf5 Bd6 23. Bb3 c5 24. Bd5 Rb8 25. Qc2 c4 26. Rad1 Bc5 27. Be3 Bxe3 28. Rxe3 Rb5 29. Rd4 Rfb8 30. b4 cxb3 31. axb3 Ra5 32. g3 Rd8 33. Qe2 Raxd5 34. Re8+ Nf8 35. Rxd5 Rxd5 36. Qxa6 Rd1+ 37. Kg2 Qd7 38. Qa8 Qd6 39.
c4 g6 40. Qb8 Qc6+ 41. f3 Rd2+ 42. Kg1 Qc5+ 43. Kh1 Rd1+ 0-1

[Event "*** Titled Tuesday Blitz"]
[Site "Chess.com"]
[Date "2021.03.02"]
[Round "9"]
[White "akanga001"]
[Black "Fraler15"]
[Result "0-1"]
[WhiteElo "1972"]
[BlackElo "2274"]
[TimeControl "180+1"]
[EndTime "11:47:29 PST"]
[Termination "Fraler15 won on time"]

1. d4 Nf6 2. Nf3 e6 3. Bg5 d5 4. e3 Be7 5. Nbd2 O-O 6. Bd3 c5 7. c3 Nc6 8. O-O b6 9. a4 Bb7 10. Re1 h6 11. Bh4 Rc8 12. Bf1 Ne4 13. Bxe7 Qxe7 14. Qb1 Nb8 15. a5 Nd7 16. a6 Bc6 17. Bd3 Ndf6 18. Ne5 Ba8 19. Qc2 Nxd2 20. Qxd2 Nd7 21.
f4 Rfe8 22. Bb5 Nxe5 23. Bxe8 Nc4 24. Bxf7+ Qxf7 25. Qe2 Nd6 26. dxc5 bxc5 27. b4 Ne4 28. Rec1 Qf6 29. Qd3 Bc6 30. b5 Bd7 31. b6 axb6 32. a7 Ra8 33. Qa6 Qf8 34. Qxb6 Qc8 35. f5 exf5 36.
Rcb1 Kh7 37. Qb8 Qc6 0-1